 Dungeon Crawl Stone Soup version 0.31-a0-971-g75a2e9a4b4 (webtiles) character file.

Game seed: 4201063962667223134

640029 BinkBink the Wrestler (level 27, -2/286 HPs)
             Began as a Troll Shapeshifter on Oct 28, 2023.
             Was the Champion of Qazlal.
             Slain by an emperor scorpion (3 damage)
             ... summoned by a royal mummy
             ... on level 1 of the Tomb of the Ancients.
             The game lasted 02:18:34 (52058 turns).

BinkBink the Wrestler (Troll Shapeshifter)         Turns: 52058, Time: 02:18:34

Health: -2/286     AC: 42    Str: 33      XL:     27
Magic:  0/22       EV: 21    Int: 11 (12) God:    Qazlal [******]
Gold:   7203       SH: 36    Dex: 14      Spells: 26/26 levels left

rFire   + +          +
                       - Unarmed
rCold   + + +        X - +8 tower shield {rN+}
rNeg    + + +        U - melded +0 troll leather armour
rPois   ∞            a - +2 hat
rElec   +            g - +2 ratskin cloak {*Rats rPois rN+ Str-1 Int-1 Dex+1}
rCorr   +            (gloves unavailable)
SInv    +            (boots unavailable)
Will    ++...        l - amulet "Miolaz" {Spirit rF+++ Str+2 Int+4 SInv}
Stlth   +            I - ring of flight
HPRegen 1.47/turn    z - ring of Cowardice {rC++ rCorr EV+5 Int+3}
MPRegen 0.18/turn

%: repel missiles, clarity, guardian spirit
@: statue-form, flying, slowed, studying 4 skills, very slow
A: slow and powerful, torment resistance 1, boosted hp, large, unfitting armour,
claws 3, regeneration 1, (shaggy fur 1), (tough skin 1), clarity, clumsy 2, cold
resistance 1, fire resistance 1, frail 2
}: 4/15 runes: decaying, serpentine, slimy, silver
a: Begin Untransformation, Renounce Religion, Upheaval, Elemental Force,
Disaster Area


You were on level 1 of the Tomb of the Ancients.
You worshipped Qazlal.
Qazlal was exalted by your worship.
You were a living statue of rough stone.
You visited 11 branches of the dungeon, and saw 52 of its levels.
You visited the Abyss 3 times.
You also visited: Trove, Ice Cave, Volcano and Wizlab.

You collected 10560 gold pieces.
You spent 3357 gold pieces at shops.

Inventory:

Armour
 a - a +2 hat (worn)
 g - the +2 ratskin cloak (worn) {*Rats rPois rN+ Str-1 Int-1 Dex+1}
   (You found it on level 12 of the Dungeon)

   *Rats:     When the wearer is hurt, rats may emerge from it to assist them.
   Str-1:     It affects your strength (-1).
   Int-1:     It affects your intelligence (-1).
   Dex+1:     It affects your dexterity (+1).
   rPois:     It protects you from poison rN+: It protects you from negative
   energy.
 k - the scarf of Tenacity {harm, rC- Str+3 Dex+4}
   (You bought it in a shop on level 3 of the Vaults)

   Str+3:     It affects your strength (+3).
   Dex+4:     It affects your dexterity (+4).
   rC-:       It makes you vulnerable to cold.
 U - a +0 troll leather armour (melded)
 X - a +8 tower shield of positive energy (worn)
Jewellery
 l - the amulet "Miolaz" (around neck) {Spirit rF+++ Str+2 Int+4 SInv}
   (You took it off a deep elf death mage on level 3 of the Elven Halls)

   [amulet of guardian spirit]

   Spirit:    It causes incoming damage to be divided between your reserves of
   health and magic.
   Str+2:     It affects your strength (+2).
   Int+4:     It affects your intelligence (+4).
   rF+++:     It renders you almost immune to fire.
   SInv:      It lets you see invisible.
 m - the ring of the Conjuring Gods {rElec rPois rN+ rCorr}
   (You took it off a death knight on level 3 of the Crypt)

   [ring of resist corrosion]

   rElec:     It insulates you from electricity.
   rPois:     It protects you from poison rN+: It protects you from negative
   energy.
   rCorr:     It protects you from acid and corrosion.
 q - the amulet "Refrar" {Faith Str+4}
   (You found it in a treasure trove)

   [amulet of faith]

   Faith:     It allows you to gain divine favour quickly.
   Str+4:     It affects your strength (+4).
 v - the ring "Opeown" {Ice Will++ Int-2 Dex+2}
   (You found it on level 3 of the Elven Halls)

   [ring of ice]

   Ice:       It enhances your ice magic.
   Int-2:     It affects your intelligence (-2).
   Dex+2:     It affects your dexterity (+2).
   rF-:       It makes you vulnerable to fire.
   rC+:       It protects you from cold.
   Will++:    It greatly increases your willpower.
 z - the ring of Cowardice (right claw) {rC++ rCorr EV+5 Int+3}
   (You acquired it on level 1 of the Lair of Beasts)

   [ring of evasion]

   EV+5:      It affects your evasion (+5).
   Int+3:     It affects your intelligence (+3).
   rC++:      It greatly protects you from cold.
   rCorr:     It protects you from acid and corrosion.
 G - the ring "Qexkukhu" {rC++ Dex+6}
   (You found it on level 5 of the Pits of Slime)

   [ring of dexterity]

   Dex+6:     It affects your dexterity (+6).
   rC++:      It greatly protects you from cold.
 I - a ring of flight (left claw)
 K - the ring "Ebbun" {rPois rN+ MP+9 Int+4}
   (You acquired it on level 15 of the Dungeon)

   [ring of magical power]

   Int+4:     It affects your intelligence (+4).
   rPois:     It protects you from poison rN+: It protects you from negative
   energy.
   MP+9:      It affects your magic capacity (+9).
 Y - the amulet of Ziuhaopn {Harm Will- Regen+ Str+3 Stlth+}
   (You acquired it on level 2 of the Depths)

   [amulet of regeneration]

   Str+3:     It affects your strength (+3).
   Will-:     It decreases your willpower.
   Regen+:    It increases your rate of health regeneration.
   Harm:      It increases damage dealt and taken.
   Stlth+:    It makes you more stealthy.
Talismans
 c - a beast talisman
 d - a flux talisman
 j - a storm talisman
 J - a blade talisman
 L - a granite talisman (active)
Wands
 h - a wand of polymorph (10)
 u - a wand of paralysis (44)
 w - a wand of flame (129)
 y - a wand of mindburst (58)
 B - a wand of digging (20)
 E - a wand of light (23)
 M - a wand of roots (32)
Scrolls
 o - 6 scrolls of silence
 p - 3 scrolls of enchant weapon
 r - 6 scrolls of enchant armour
 s - 7 scrolls of revelation
 t - 24 scrolls of teleportation
 D - 10 scrolls of poison
 F - 9 scrolls of fear
 P - 3 scrolls of summoning
 V - a scroll of brand weapon
 W - 6 scrolls of fog
 Z - 2 scrolls of amnesia
Potions
 b - 15 potions of might
 e - 19 potions of curing
 f - 8 potions of haste
 C - 11 potions of enlightenment
 N - 11 potions of lignification
 O - 6 potions of mutation
 Q - 2 potions of resistance
 R - 2 potions of brilliance
 S - 10 potions of cancellation
 T - 4 potions of magic


   Skills:
 + Level 16.5 Fighting
 - Level 5.1 Armour
 + Level 16.5 Dodging
 + Level 18.1 Shields
 * Level 25.9 Unarmed Combat
 * Level 24.0 Shapeshifting


You had 26 spell levels left.
You didn't know any spells.
Your spell library contained the following spells:

 Spells                   Type           Power      Damage    Failure   Level
 Apportation              Tloc           0%         N/A       50%         1
 Foxfire                  Conj/Fire      0%         2x1d4     50%         1
 Kiss of Death            Conj/Necr      0%         2d5       50%         1
 Magic Dart               Conj           0%         1d3       50%         1
 Necrotise                Necr           0%         1d4       50%         1
 Sandblast                Erth           0%         2d4       50%         1
 Slow                     Hex            0%         N/A       50%         1
 Sting                    Tmut/Pois      0%         1d3       50%         1
 Summon Small Mammal      Summ           0%         N/A       50%         1
 Blink                    Tloc           0%         N/A       65%         2
 Cigotuvi's Dreadful Rot  Necr/Pois/Air  0%         N/A       65%         2
 Ensorcelled Hibernation  Hex/Ice        0%         N/A       65%         2
 Jinxbite                 Hex            0%         N/A       65%         2
 Passwall                 Tmut/Erth      0%         N/A       65%         2
 Poisonous Vapours        Pois/Air       0%         N/A       65%         2
 Scorch                   Fire           0%         2d5       65%         2
 Searing Ray              Conj           0%         2d4       65%         2
 Wereblood                Tmut           0%         N/A       65%         2
 Call Canine Familiar     Summ           0%         N/A       86%         3
 Confusing Touch          Hex            0%         N/A       86%         3
 Dazzling Flash           Conj/Hex       0%         N/A       86%         3
 Hailstorm                Conj/Ice       0%         3d3       86%         3
 Ignite Poison            Fire/Tmut/Pois 0%         N/A       86%         3
 Inner Flame              Hex/Fire       0%         N/A       86%         3
 Ozocubu's Armour         Ice            0%         N/A       86%         3
 Sigil of Binding         Hex            0%         N/A       86%         3
 Stone Arrow              Conj/Erth      0%         3d7       86%         3
 Summon Guardian Golem    Hex/Summ       0%         N/A       86%         3
 Tukima's Dance           Hex            0%         N/A       86%         3
 Vampiric Draining        Necr           0%         2d6       86%         3
 Volatile Blastmotes      Fire/Tloc      0%         2d10      86%         3
 Anguish                  Hex/Necr       0%         N/A       99%         4
 Animate Armour           Summ/Erth      0%         N/A       99%         4
 Animate Dead             Necr           0%         N/A       99%         4
 Brom's Barrelling Bould  Conj/Erth      0%         2d3       99%         4
 Cause Fear               Hex            0%         N/A       99%         4
 Dimensional Bullseye     Hex/Tloc       0%         N/A       99%         4
 Dispel Undead            Necr           0%         3d6       99%         4
 Fulminant Prism          Conj/Hex       0%         3d5       99%         4
 Iskenderun's Mystic Bla  Conj/Tloc      0%         2d3       99%         4
 Leda's Liquefaction      Hex/Erth       0%         N/A       99%         4
 Manifold Assault         Tloc           0%         N/A       99%         4
 Olgreb's Toxic Radiance  Pois           0%         N/A       99%         4
 Passage of Golubria      Tloc           0%         N/A       99%         4
 Sticky Flame             Conj/Fire      0%         2d3       99%         4
 Summon Lightning Spire   Summ/Air       0%         N/A       99%         4
 Agony                    Necr           0%         N/A       100%        5
 Alistair's Intoxication  Tmut/Pois      0%         N/A       100%        5
 Borgnjor's Vile Clutch   Necr/Erth      0%         N/A       100%        5
 Fireball                 Conj/Fire      0%         3d3       100%        5
 Irradiate                Conj/Tmut      0%         3d11      100%        5
 Iskenderun's Battlesphe  Conj           0%         2d6       100%        5
 Lee's Rapid Deconstruct  Erth           0%         3d4*      100%        5
 Metabolic Englaciation   Hex/Ice        0%         N/A       100%        5
 Silence                  Hex/Air        0%         N/A       100%        5
 Summon Forest            Summ/Tloc      0%         N/A       100%        5
 Summon Mana Viper        Hex/Summ       0%         N/A       100%        5
 Yara's Violent Unravell  Hex/Tmut       0%         3d3       100%        5
 Bombard                  Conj/Erth      0%         9d1       100%        6
 Death Channel            Necr           0%         N/A       100%        6
 Eringya's Noxious Bog    Tmut/Pois      0%         4d6       100%        6
 Plasma Beam              Fire/Air       0%         2x1d10    100%        6
 Simulacrum               Ice/Necr       0%         N/A       100%        6
 Starburst                Conj/Fire      0%         6d3       100%        6
 Summon Cactus Giant      Summ           0%         N/A       100%        6
 Enfeeble                 Hex            0%         N/A       100%        7
 Haunt                    Necr/Summ      0%         N/A       100%        7
 Ozocubu's Refrigeration  Ice            0%         4d7       100%        7
 Spellforged Servitor     Conj/Summ      0%         N/A       100%        7
 Borgnjor's Revivificati  Necr           0%         N/A       100%        8
 Discord                  Hex            0%         N/A       100%        8
 Ignition                 Fire           0%         3d3       100%        8
 Infestation              Necr           0%         N/A       100%        8
 Lehudib's Crystal Spear  Conj/Erth      0%         10d2      100%        8
 Maxwell's Capacitive Co  Air            0%         ∞         100%        8
 Death's Door             Necr           0%         N/A       100%        9
 Dragon's Call            Summ           0%         N/A       100%        9
 Fire Storm               Conj/Fire      0%         5d1       100%        9
 Polar Vortex             Ice            0%         N/A       100%        9


Dungeon Overview and Level Annotations

Branches:
Dungeon (15/15)            Temple (0/1) D:5            Lair (5/5) D:8
  Swamp (4/4) Lair:3        Snake (4/4) Lair:2        Slime (5/5) Lair:4
    Orc (2/2) D:9             Elf (3/3) Orc:2        Vaults (5/5) D:13
  Crypt (3/3) Vaults:2       Tomb (2/3) Crypt:3      Depths (4/4) D:15
    Zot (0/5) Depths:4      IceCv (visited)         Volcano (visited)
 WizLab (visited)

Altars:
Ashenzari
Cheibriados
Dithmenos
Elyvilon
Fedhas
Gozag
Hepliaklqana
Kikubaaqudgha
Makhleb
Nemelex Xobeh
Qazlal
Ru
Sif Muna
Trog
Uskayaw
Xom
Yredelemnul
Zin
The Shining One
Jiyva
Lugonu

Shops:
D:2 *   D:8 (   D:9 *   D:15 [   Orc:1 (   Orc:2 [=*=:([   Elf:3 *:*[
Vaults:1 *   Vaults:3 [(=   Vaults:5 (

Portals:
Hell: Depths:1 Depths:2 Depths:3 Depths:4
Abyss: Lair:1 Depths:2 Depths:3 Depths:4
Pandemonium: Depths:2 Depths:4
Ziggurat: Depths:3


Innate Abilities, Weirdness & Mutations

You are a living statue of rough stone.
Your actions are slow, but your melee attacks are powerful.
You are resistant to unholy torment.
Your maximum health is greatly increased.
Your equipment is partially melded.
You are too large for most types of armour.
You are immune to poison.
You have claws for hands.
Your natural rate of healing is unusually fast.
((You are covered in fur. (AC +1)))
((You have tough skin. (AC +1)))
You possess an exceptional clarity of mind.
You are very clumsy. (Dex -4)
Your flesh is cold resistant. (rC+)
Your flesh is heat resistant. (rF+)
You are very frail. (-20% HP)


Message History

The death scarab bites you but does no damage.
The death scarab completely misses you. The death scarab misses you.
The death scarab bites you.
* * * LOW HITPOINT WARNING * * *
The death scarab drains your vigour!
You feel as though you will be slow longer.
The emperor scorpion stings you but does no damage.
The emperor scorpion claws you but does no damage. x2
The royal mummy closely misses you. The emperor scorpion stings you!
* * * LOW HITPOINT WARNING * * *
The emperor scorpion barely misses you. x2
The death scarab closely misses you. x2
You bump into the stone wall.
You feel less invigorated.
You feel less confused.
You hear a faint skittering sound.
You block the death scarab's attack. x4
The death scarab completely misses you. You block the death scarab's attack.
The death scarab misses you.
The death scarab fails to trigger a net trap.
The emperor scorpion misses you.
You block the emperor scorpion's attack.
The emperor scorpion misses you. The death scarab bites you!!
* * * LOW HITPOINT WARNING * * *
The royal mummy gestures at you while chanting.
Something smites you!
* * * LOW HITPOINT WARNING * * *
The emperor scorpion barely misses you.
The emperor scorpion closely misses you.
The emperor scorpion claws you but does no damage.
The death scarab bites you but does no damage.
The emperor scorpion stings you but does no damage.
The emperor scorpion closely misses you.
The emperor scorpion claws you but does no damage.
The royal mummy hits you but does no damage.
The death scarab fails to trigger a net trap.
The death scarab bites you!!
* * * LOW HITPOINT WARNING * * *
The emperor scorpion completely misses you.
The emperor scorpion claws you.
You die...

.#...............#.^.^^#).#,,*#..
##.....^.........##...##..#,,*#..
##...............#######..#,,*#..
..........................#,,*#..
######.......##############,,*#..
** ##'''''## ##.^....##B.##.. ,**
#.......# ##§....B..#..##.. ,,**
#.8...8.# ##BB§####.s...##..
,,,**#.......###8sB#...##z...##..
*,,,*#.......##MsB#§...M##§§M##..
,*,,*#.8...8.##§§#s§...§.##B.##..
*,,,*#.......##§§§#§^...##§§.##..
,,,**#.......###BBB#.§.##§..§##..
,,** #.8...8.# ##Mss####MBM§s##..
,** #.......# ##BssB..s.#..##..
** #.......# ##zM.BsB##..##.. *
#.8...8.# #############..


You could see a royal mummy, 3 emperor scorpions and 4 death scarabs.

Vanquished Creatures
  the Royal Jelly (Slime:5)
  Dissolution (Slime:5)
  2 dread liches
  Mennas (Depths:2)
  Mara (Depths:1)
  7 royal mummies
  Sojobo (Depths:2)
  Bai Suzhen (Snake:3)
  Margery (Vaults:2)
  Xtahua (Vaults:5)
  Frederick (Crypt:3)
  the Lernaean hydra (Swamp:4)
  A golden dragon (shapeshifter) (Depths:3)
  3 golden dragons
  Nikola (Snake:1)
  the Enchantress (Depths:2)
  A profane servitor (Crypt:3)
  Norris (Vaults:1)
  5 bone dragons
  A tentacled monstrosity (Vaults:5)
  A Hell Sentinel (Abyss:3)
  An Ice Fiend (IceCv)
  2 deep elf master archers (Elf:3)
  10 liches
  Asterion (Vaults:1)
  24 acid blobs
  A walking frostbound tome (WizLab)
  An eldritch tentacle (Tomb:2)
  2 deep elf blademasters (Elf:3)
  2 quicksilver dragons
  5 tentacled starspawn (Abyss:3)
  11 sphinxes
  8 titans
  4 ancient champions
  A storm dragon (shapeshifter) (Depths:3)
  7 shadow dragons
  7 tengu reavers
  A strange machine (WizLab)
  Kirke (Snake:1)
  7 fire giants
  A fenstrider witch (Swamp:4)
  20 azure jellies
  A revenant (Crypt:3)
  5 storm dragons
  3 daevas (Depths:2)
  11 nagarajas
  15 rockslimes
  4 frost giants
  11 deep elf sorcerers
  3 angels (Depths:2)
  A draconian knight (Depths:4)
  2 balrugs
  2 iron dragons
  The ghost of martbhell the Severer, a journeyman MiBe of Trog (Lair:4)
  A draconian stormcaller (Abyss:3)
  3 deep elf elementalists (Elf:3)
  20 vault wardens
  The ghost of Xankemn the Severer, a journeyman MiBe of Trog (Lair:4)
  A ghost moth (Depths:3)
  A cacodemon (Abyss:3)
  3 orc warlords
  3 spriggan defenders (Depths:2)
  2 curse skulls
  2 ghouls
  24 quicksilver oozes
  8 stone giants
  13 ironbound preservers
  8 war gargoyles
  The ghost of Opekasam the Thrower, a journeyman TrHs of Ashenzari (Lair:4)
  35 very ugly things
  2 green draconians (Depths:4)
  3 eleionomae
  11 ironbound thunderhulks
  7 formless jellyfish
  14 deep elf annihilators
  4 vampire knights
  4 deep elf demonologists
  2 bennus (Tomb:1)
  An eleionoma (shapeshifter) (Depths:3)
  3 bunyips
  A red draconian (Depths:4)
  12 dire elephants
  A spark wasp (Depths:3)
  2 yellow draconians (Depths:4)
  A white draconian (Depths:4)
  3 purple draconians (Depths:4)
  The ghost of Zlot the Fighter, a journeyman DsBe of Trog (D:13)
  2 crystal guardians (Depths:3)
  19 jiangshi
  11 mummy priests
  9 ettins
  8 deep elf death magi
  6 fire dragons
  12 yaktaur captains
  4 deep elf high priests (Elf:3)
  A blizzard demon (Abyss:3)
  A merfolk impaler (Depths:4)
  A quicksilver dragon zombie (Crypt:1)
  A shambling mangrove (Swamp:2)
  An entropy weaver (shapeshifter) (Depths:3)
  3 entropy weavers
  13 great orbs of eyes
  Josephine (Snake:1)
  4 salamander tyrants
  6 ice dragons
  12 rakshasas
  2 peacekeepers (Vaults:3)
  40 vault guards
  10 ironbound frosthearts
  A hell beast (Depths:4)
  14 hydras
  A sphinx zombie (D:15)
  A spriggan skeleton (Abyss:3)
  A merfolk avatar (Lair:5)
  A ghost crab (Swamp:1)
  7 spriggan air magi
  17 anacondas
  3 ogre magi
  15 two-headed ogres
  18 centaur warriors
  2 boulder beetles
  41 dancing weapons
  11 alligators
  The ghost of Mymni the Destroyer, a journeyman HuCj of Vehumet (Lair:1)
  4 death knights
  3 deep troll shamans (Depths:2)
  7 deep troll earth magi
  3 death yaks (Lair:2)
  A hell hog (Abyss:3)
  44 death scarabs
  16 naga warriors
  5 spriggan berserkers
  4 tengu warriors
  3 vampire magi
  An occultist (Depths:1)
  12 hell knights
  2 thrashing horrors (Abyss:3)
  13 deep elf knights
  11 shock serpents
  An orc high priest (Orc:1)
  11 naga sharpshooters
  A soul eater (Crypt:1)
  The ghost of pzskc383 the Cleaver, a novice GrFi of Okawaru (D:7)
  A spatial maelstrom (Abyss:3)
  Nergalle (D:11)
  A spectral spark wasp (Depths:4)
  2 wretched stars (Abyss:3)
  3 iron trolls (Depths:2)
  Amaemon (Lair:1)
  10 spriggans
  A goliath frog (shapeshifter) (Depths:3)
  2 sea snakes (shapeshifter)
  3 shadow wraiths
  4 salamander mystics
  A skyshark (shapeshifter) (Vaults:5)
  31 skeletal warriors
  An emperor scorpion zombie (Crypt:2)
  5 goliath frogs
  5 skysharks
  A storm dragon skeleton (D:15)
  A sixfirhy (Abyss:3)
  6 cherubim (Depths:2)
  6 spriggan druids
  5 glowing orange brains
  The ghost of ongoing the Fighter, a novice GrFi of Okawaru (D:7)
  A glowing orange brain (shapeshifter) (D:15)
  2 spectral anacondas (Snake:2)
  9 swamp dragons
  4 naga ritualists
  A spark wasp zombie (D:15)
  8 flayed ghosts
  27 deep trolls
  6 spriggan simulacra (IceCv)
  14 phantasmal warriors
  3 bog bodies
  A lindwurm (shapeshifter) (Lair:1)
  9 lindwurms
  2 obsidian statues
  18 ironbound convokers
  6 arcanists
  4 necromancers
  8 orc knights
  13 deep elf archers
  26 ugly things
  18 deep elf pyromancers
  10 harpies
  21 deep elf zephyrmancers
  6 manticores
  7 mana vipers
  8 cyclopes
  11 starcursed masses (Abyss:3)
  An oklob plant (Lair:4)
  8 shining eyes
  3 orc sorcerers
  A worldbinder (Abyss:3)
  4 will-o-the-wisps
  26 salamanders
  17 elephants
  15 naga magi
  An elephant (shapeshifter) (D:12)
  17 black mambas
  A rust devil (Abyss:3)
  7 guardian serpents
  20 vault sentinels
  2 torpor snails
  3 smoke demons (Abyss:3)
  A water nymph (shapeshifter) (Vaults:5)
  A spectral sea snake (Snake:2)
  A cane toad (shapeshifter) (Vaults:5)
  An eye of devastation (Slime:5)
  A molten gargoyle (D:15)
  15 cane toads
  3 gargoyles (D:12)
  A yellow draconian zombie (Crypt:1)
  An unseen horror (D:12)
  2 orange demons
  6 kobold demonologists
  12 freezing wraiths
  7 rime drakes
  3 efreet
  34 yaktaurs
  5 anaconda simulacra
  A redback zombie (Crypt:1)
  12 guardian mummies
  5 komodo dragons
  8 ice devils (IceCv)
  3 golden dragon simulacra
  2 unseen horror skeletons
  A mana viper zombie (Crypt:2)
  4 ancient zymes
  4 tengu conjurers
  6 meliai
  A pale draconian skeleton (Crypt:1)
  6 tyrant leeches
  14 trolls
  A polar bear (Lair:5)
  A harpy skeleton (Abyss:3)
  A moth of wrath zombie (Crypt:1)
  12 hornets
  A death drake skeleton (Crypt:1)
  14 raiju (Abyss:3)
  13 dream sheep
  2 blink frogs (Lair:5)
  A blink frog (shapeshifter) (Elf:1)
  2 spectral guardian serpents (Snake:2)
  3 glass eyes
  2 jumping spiders (Vaults:3)
  57 flying skulls
  2 centaur simulacra (Crypt:3)
  109 slime creatures
  A culicivora (shapeshifter) (Elf:2)
  4 ushabtiu
  A slime creature (shapeshifter) (Depths:3)
  A vampire (D:12)
  3 air elementals
  3 ynoxinuls (Abyss:3)
  7 large abominations (Abyss:3)
  6 fire bats
  2 fire elementals (Elf:3)
  7 humans (D:13)
  30 yaks
  19 water elementals
  6 shadows
  8 wyverns
  2 hogs (Snake:1)
  A basilisk (shapeshifter) (Vaults:1)
  7 golden eyes
  2 chaos spawn
  13 wraiths
  The ghost of Pixllover the Insei, an amateur GnSh (D:3)
  3 steam dragons (Lair:5)
  4 vampire mosquitoes (D:11)
  9 minotaur simulacra (IceCv)
  2 sea snake simulacra (Snake:2)
  2 redbacks (Vaults:3)
  A neqoxec (Abyss:3)
  A spatial vortex (Abyss:3)
  8 wargs
  34 nagas
  4 acid dragons
  10 swamp worms
  3 harpy simulacra (IceCv)
  A hydra simulacrum (IceCv)
  19 water moccasins
  3 naga skeletons
  4 hell hounds
  7 swamp drakes
  A demonspawn skeleton (Tomb:1)
  2 guardian serpent simulacra (Snake:2)
  A merfolk skeleton (Crypt:1)
  17 orc warriors
  An ice beast (D:7)
  3 sky beasts
  A black bear (Lair:1)
  24 ogres
  20 wolves
  A wolf (shapeshifter) (Abyss:3)
  17 centaurs
  10 boggarts
  A lindwurm skeleton (Crypt:1)
  A swamp dragon skeleton (Crypt:2)
  4 kobold brigands
  3 phantoms
  2 gnoll sergeants
  2 scorpions
  12 bullfrogs
  3 earth elementals (Elf:3)
  A naga simulacrum (Snake:2)
  4 necrophages (Crypt:3)
  9 deep troll simulacra (IceCv)
  14 wights
  A hornet simulacrum (D:14)
  A polar bear zombie (Crypt:2)
  2 spectral nagas (Snake:2)
  3 lindwurm simulacra (IceCv)
  7 killer bees
  A raiju zombie (Crypt:2)
  2 howler monkeys (D:11)
  An electric eel (D:15)
  A troll skeleton (Crypt:2)
  2 lava snakes
  8 small abominations
  3 quasits (Abyss:3)
  An iron imp (D:15)
  4 hounds
  3 jellies
  18 orc priests
  A gnoll bouda (D:6)
  3 sleepcaps
  A black bear skeleton (Crypt:1)
  2 iguanas (D:6)
  19 orc wizards
  34 mummies
  A river rat (shapeshifter) (Depths:3)
  13 adders
  17 gnolls
  2 shadow imps
  3 white imps
  2 ufetubi (D:4)
  A worm zombie (Crypt:2)
  76 orcs
  4 endoplasms
  5 giant cockroaches
  2 goblins (D:4)
  9 hobgoblins
  5 jackals
  5 quokkas
  3 ball pythons
  4 bats (D:1)
  A frilled lizard (D:1)
  23 kobolds
  23 rats
  A spectral weapon (Swamp:2)
  A starspawn tentacle (Abyss:3)
2407 creatures vanquished.

Vanquished Creatures (collateral kills)
  A titan (Vaults:5)
  A tengu reaver (Depths:3)
  A slime creature (Slime:1)
3 creatures vanquished.

Vanquished Creatures (others)
  3 eldritch tentacles (Tomb:2)
  A dancing weapon (WizLab)
  Sonja (D:13)
  4 deep elf knights (Elf:3)
  A salamander (Snake:1)
  An elephant (Lair:5)
  A spectral sea snake (Snake:2)
  5 bloated husks
  A spectral guardian serpent (Snake:2)
  An air elemental (Elf:1)
  A basilisk (D:12)
  A naga (Snake:3)
  A water moccasin (Lair:5)
  A swamp drake (Swamp:4)
  A boggart (Elf:1)
  2 orc wizards
  2 orcs
  A quokka (D:5)
  10 ball lightnings (Elf:1)
  17 foxfires
  3 starspawn tentacles (Abyss:3)
59 creatures vanquished.

Grand Total: 2469 creatures vanquished

Notes
Turn   | Place    | Note
-------+----------+-------------------------------------------
     0 | D:1      | BinkBink the Troll Shapeshifter began the quest for the
                  | Orb.
     0 | D:1      | Reached XP level 1. HP: 18/18 MP: 0/0
   122 | D:1      | Reached XP level 2. HP: 26/26 MP: 1/1
   187 | D:1      | Reached skill level 1 in Fighting
   539 | D:2      | Reached XP level 3. HP: 25/33 MP: 2/2
   573 | D:2      | Found a glowing golden altar of the Shining One.
   632 | D:2      | Found Searhewn's General Store.
   871 | D:2      | Reached XP level 4. HP: 41/41 MP: 3/3
  1029 | D:3      | Gained mutation: You possess an exceptional clarity of
                  | mind. [potion of mutation]
  1029 | D:3      | Gained mutation: You have a pair of small antennae on your
                  | head. [potion of mutation]
  1029 | D:3      | Gained mutation: Your flesh is heat resistant. (rF+)
                  | [potion of mutation]
  1040 | D:3      | Reached skill level 4 in Unarmed Combat
  1131 | D:3      | Reached XP level 5. HP: 37/48 MP: 4/4
  1635 | D:3      | Found a runed translucent door.
  1817 | D:3      | Reached XP level 6. HP: 57/57 MP: 5/5
  1883 | D:3      | Noticed Pixllover's ghost (amateur GnSh)
  2032 | D:4      | Noticed a water moccasin
  2042 | D:4      | Killed a water moccasin
  2043 | D:4      | Reached skill level 5 in Unarmed Combat
  2330 | D:4      | Reached skill level 5 in Shapeshifting
  2330 | D:4      | Reached XP level 7. HP: 66/66 MP: 6/6
  2482 | D:4      | Found a stormy altar of Qazlal.
  2566 | D:4      | Became a worshipper of Qazlal Stormbringer
  2594 | D:5      | Identified the "Zovuwk"
  2594 | D:5      | Identified the "Qeto Uca"
  2594 | D:5      | Identified the "Bitigojo"
  2594 | D:5      | Entered Level 5 of the Dungeon
  2697 | D:5      | Found a white marble altar of Elyvilon.
  2828 | D:5      | Reached skill level 6 in Unarmed Combat
  2831 | D:5      | Found a staircase to the Ecumenical Temple.
  2875 | D:5      | Found a shimmering altar of Xom.
  2887 | D:5      | Reached XP level 8. HP: 62/75 MP: 7/7
  3023 | D:5      | Found a shimmering blue altar of Sif Muna.
  3217 | D:6      | Reached * piety under Qazlal
  3341 | D:6      | Reached skill level 7 in Unarmed Combat
  3721 | D:7      | Found a broken altar of Ashenzari.
  3723 | D:7      | Found a blossoming altar of Fedhas.
  3724 | D:7      | Found a burning altar of Makhleb.
  3730 | D:7      | Found a hide-covered altar of Uskayaw.
  3731 | D:7      | Found a snail-covered altar of Cheibriados.
  3738 | D:7      | Found a glowing golden altar of the Shining One.
  3753 | D:7      | Found a sacrificial altar of Ru.
  3753 | D:7      | Found a sparkling altar of Nemelex Xobeh.
  3755 | D:7      | Found a shadowy altar of Dithmenos.
  3759 | D:7      | Found an opulent altar of Gozag.
  3760 | D:7      | Found a basalt altar of Yredelemnul.
  3790 | D:7      | Found a runed translucent gate.
  3791 | D:7      | Found a runed translucent gate.
  3792 | D:7      | Found a runed translucent gate.
  3794 | D:7      | Noticed pzskc383's ghost (novice GrFi)
  3794 | D:7      | Noticed ongoing's ghost (novice GrFi)
  3843 | D:7      | Reached XP level 9. HP: 84/84 MP: 8/8
  3888 | D:7      | Found a hazy altar of Hepliaklqana.
  3923 | D:7      | Reached ** piety under Qazlal
  3976 | D:7      | Reached skill level 8 in Unarmed Combat
  4462 | D:8      | Found Rosiwacw's Antique Weapon Boutique.
  4907 | D:8      | Found a staircase to the Lair.
  4907 | D:8      | Noticed a komodo dragon
  4913 | D:8      | Reached skill level 5 in Dodging
  4917 | D:8      | Killed a komodo dragon
  4918 | D:8      | Reached skill level 9 in Unarmed Combat
  4918 | D:8      | Reached XP level 10. HP: 94/94 MP: 9/9
  5199 | D:9      | Found the +5 woodcutter's axe
  5245 | D:9      | Found Mickaemom's Serpentskin Sales.
  5370 | D:9      | Reached skill level 5 in Fighting
  5791 | D:9      | Reached *** piety under Qazlal
  5818 | D:9      | Reached skill level 1 in Armour
  5832 | D:9      | Reached skill level 1 in Shields
  5835 | D:9      | Found a staircase to the Orcish Mines.
  6044 | D:10     | Entered Level 10 of the Dungeon
  6069 | D:10     | Noticed a two-headed ogre
  6081 | D:10     | Killed a two-headed ogre
  6169 | Lair:1   | Entered Level 1 of the Lair of Beasts
  6169 | Lair:1   | Found a transporter.
  6171 | Lair:1   | Noticed a cane toad
  6178 | Lair:1   | Killed a cane toad
  6179 | Lair:1   | Reached skill level 10 in Unarmed Combat
  6195 | Lair:1   | Noticed a red ugly thing
  6229 | Lair:1   | Noticed a spriggan rider
  6231 | Lair:1   | Noticed Mymni's ghost (journeyman HuCj)
  6245 | Lair:1   | Noticed a cane toad
  6255 | Lair:1   | Killed a cane toad
  6258 | Lair:1   | Reached XP level 11. HP: 65/104 MP: 7/10
  6300 | Lair:1   | Found a one-way gate to the infinite horrors of the Abyss.
  6311 | Lair:1   | Found a transporter.
  6527 | Lair:1   | Reached **** piety under Qazlal
  6746 | Lair:1   | Noticed Amaemon
  6767 | Lair:1   | Killed Amaemon
  6926 | Lair:1   | Noticed a purple ugly thing
  7109 | Lair:1   | Identified a scroll of acquirement
  7109 | Lair:1   | Acquired the ring of Cowardice {rC++ rCorr EV+5 Int+3}
  7174 | Lair:2   | Reached skill level 10 in Shapeshifting
  7223 | Lair:2   | Noticed a four-headed hydra
  7252 | Lair:2   | Killed an eight-headed hydra
  7309 | Lair:2   | Noticed a death yak
  7309 | Lair:2   | Noticed a death yak
  7320 | Lair:2   | Noticed a death yak
  7322 | Lair:2   | Killed a death yak
  7323 | Lair:2   | Reached skill level 11 in Unarmed Combat
  7330 | Lair:2   | Killed a death yak
  7338 | Lair:2   | Killed a death yak
  7523 | Lair:2   | Found a staircase to the Snake Pit.
  7578 | Lair:2   | Found a sacrificial altar of Ru.
  7649 | Lair:2   | Reached XP level 12. HP: 109/115 MP: 9/11
  8026 | Lair:3   | Reached ***** piety under Qazlal
  8031 | Lair:3   | Found a dark tunnel.
  8050 | Volcano  | Entered a volcano
  8098 | Volcano  | Noticed a two-headed ogre
  8106 | Volcano  | Killed a two-headed ogre
  8142 | Volcano  | Noticed a two-headed ogre
  8145 | Volcano  | Killed a two-headed ogre
  8684 | Lair:3   | Noticed a boulder beetle
  8704 | Lair:3   | Killed a boulder beetle
  8806 | Lair:3   | Reached skill level 12 in Unarmed Combat
  8806 | Lair:3   | Paralysed by a hornet for 1 turns
  9095 | Lair:3   | Found a staircase to the Swamp.
  9203 | Lair:4   | Noticed a boulder beetle
  9221 | Lair:4   | Killed a boulder beetle
  9277 | Lair:4   | Reached skill level 5 in Shields
  9393 | Lair:4   | Reached XP level 13. HP: 121/124 MP: 10/12
  9456 | Lair:4   | Reached skill level 5 in Armour
  9776 | Lair:4   | Found a runed translucent gate.
  9777 | Lair:4   | Found a runed translucent gate.
  9777 | Lair:4   | Noticed martbhell's ghost (journeyman MiBe)
  9779 | Lair:4   | Noticed Xankemn's ghost (journeyman MiBe)
  9780 | Lair:4   | Found a runed translucent gate.
  9780 | Lair:4   | Noticed Opekasam's ghost (journeyman TrHs)
 10023 | Lair:4   | Found a viscous altar of Jiyva.
 10023 | Lair:4   | Found a staircase to the Slime Pits.
 10317 | Lair:5   | Entered Level 5 of the Lair of Beasts
 10364 | Lair:5   | Reached skill level 13 in Unarmed Combat
 10708 | Lair:5   | Identified the +0 robe of the Quahog {rPois Int+5 Dex-3}
 10953 | Lair:5   | Reached ****** piety under Qazlal
 11715 | Orc:1    | Entered Level 1 of the Orcish Mines
 11721 | Orc:1    | Found a burning altar of Makhleb.
 11785 | Orc:1    | Reached XP level 14. HP: 128/136 MP: 13/13
 12129 | Orc:1    | Found Jolit's Weapon Shop.
 12373 | Orc:2    | Entered Level 2 of the Orcish Mines
 12379 | Orc:2    | Noticed an orc warlord
 12382 | Orc:2    | Paralysed by an orc sorcerer for 3 turns
 12439 | Orc:2    | Found Reufah's Book Boutique.
 12774 | Orc:2    | Reached skill level 14 in Unarmed Combat
 12898 | Orc:2    | Killed an orc warlord
 13089 | Orc:2    | Found Vopurumm's Antique Weapon Shop.
 13127 | Orc:2    | Found a staircase to the Elven Halls.
 13129 | Orc:2    | Found Ceoph's Armour Emporium.
 13227 | Orc:2    | Found Baxadici's Jewellery Boutique.
 13232 | Orc:2    | Found Ytrodd's Assorted Antiques.
 13234 | Orc:2    | Found Nodys's Jewellery Shoppe.
 13247 | Orc:2    | Found Kaeps's Antique Armour Boutique.
 13586 | Orc:2    | Bought a manual of Shields for 960 gold pieces
 13616 | Orc:2    | Bought a +2 tower shield of positive energy for 222 gold
                  | pieces
 13811 | Snake:2  | Identified the of Caohef
 13811 | Swamp:1  | Entered Level 1 of the Swamp
 14312 | Swamp:2  | Reached skill level 15 in Unarmed Combat
 14450 | Swamp:2  | Reached XP level 15. HP: 143/146 MP: 12/14
 15277 | Swamp:3  | Identified the +6 whip "Qolated" {drain, Int+5}
 15525 | Swamp:4  | Entered Level 4 of the Swamp
 15619 | Swamp:4  | Found a frozen archway.
 15630 | IceCv    | Entered an ice cave
 15879 | IceCv    | Noticed an Ice Fiend
 15901 | IceCv    | Killed an Ice Fiend
 15961 | IceCv    | Found the +8 pair of quick blades "Gyre" and "Gimble"
                  | {protect}
 16222 | IceCv    | Reached skill level 16 in Unarmed Combat
 16477 | Swamp:4  | Found a bloodstained altar of Trog.
 16702 | Swamp:4  | Noticed a fenstrider witch
 16716 | Swamp:4  | Killed a fenstrider witch
 16963 | Swamp:4  | Reached skill level 15 in Shapeshifting
 16963 | Swamp:4  | Noticed the 27-headed Lernaean hydra
 17121 | Snake:1  | Entered Level 1 of the Snake Pit
 17121 | Snake:1  | Noticed Josephine
 17123 | Snake:1  | Noticed Nikola
 17401 | D:10     | Reached XP level 16. HP: 157/157 MP: 15/15
 18158 | D:11     | Noticed Nergalle
 18162 | D:11     | Killed Nergalle
 18882 | D:12     | Found the +2 ratskin cloak {*Rats rPois rN+ Str-1 Int-1
                  | Dex+1}
 18932 | D:12     | Reached skill level 10 in Dodging
 19019 | D:12     | Reached skill level 10 in Fighting
 19583 | D:13     | Noticed Sonja
 19588 | D:13     | Killed Sonja
 19727 | D:13     | Noticed Zlot's ghost (journeyman DsBe)
 19728 | D:13     | Found a runed translucent door.
 19756 | D:13     | Found a gate to the Vaults.
 19993 | D:13     | Killed Zlot's ghost
 20000 | D:13     | Identified the ring "Rirog" {rC+ rCorr MP+9 Str-5}
 20620 | D:14     | Found a hazy altar of Hepliaklqana.
 20923 | D:15     | Entered Level 15 of the Dungeon
 20978 | D:15     | Reached skill level 17 in Unarmed Combat
 21023 | D:15     | Reached skill level 10 in Shields
 21155 | D:15     | Found a broken altar of Ashenzari.
 21177 | D:15     | Found Ipholuc's Armour Boutique.
 21217 | D:15     | Found a staircase to the Depths.
 21332 | D:15     | Found a snail-covered altar of Cheibriados.
 21469 | D:15     | Found a portal to a secret trove of treasure.
 21935 | Snake:1  | Killed Josephine
 21946 | Snake:1  | Killed Nikola
 21993 | Snake:1  | Reached XP level 17. HP: 167/167 MP: 16/16
 22338 | Snake:1  | Noticed Kirke
 22815 | Snake:1  | Killed Kirke
 23459 | Snake:2  | Acquired 715 gold pieces
 23887 | Snake:3  | Noticed Bai Suzhen
 23898 | Snake:3  | Killed Bai Suzhen
 23928 | Snake:3  | Reached skill level 18 in Unarmed Combat
 24224 | Snake:3  | Found Bavera's Assorted Antiques.
 24462 | Snake:4  | Entered Level 4 of the Snake Pit
 24637 | Snake:4  | Reached XP level 18. HP: 94/179 MP: 17/17
 24668 | Snake:4  | Found an ancient bone altar of Kikubaaqudgha.
 25774 | Snake:4  | Got a serpentine rune of Zot
 26242 | Orc:2    | Bought a storm talisman for 800 gold pieces
 26496 | Swamp:4  | Killed the 26-headed Lernaean hydra
 26637 | Swamp:4  | Got a decaying rune of Zot
 26930 | WizLab   | Identified the of Aschonure
 26930 | Vaults:5 | Identified the "Gojisog"
 26930 | Vaults:5 | Identified the "Nocky"
 26930 | Crypt:3  | Identified the of Haren
 26930 | Elf:1    | Entered Level 1 of the Elven Halls
 27153 | Elf:1    | Reached skill level 19 in Unarmed Combat
 27809 | Elf:2    | Paralysed by an air elemental for 1 turns
 28166 | Elf:2    | Found a runed translucent door.
 28191 | Elf:2    | Found a runed translucent door.
 28485 | Elf:2    | Reached XP level 19. HP: 189/189 MP: 18/18
 28712 | Elf:3    | Identified the "Bigool"
 28712 | Elf:3    | Entered Level 3 of the Elven Halls
 28812 | Elf:3    | Found Adob Ruc's General Store.
 28814 | Elf:3    | Found Ralla's General Store.
 28814 | Elf:3    | Found Wydepn's Book Shop.
 28817 | Elf:3    | Found Xirphe's Antique Armour Boutique.
 28819 | Elf:3    | Bought a potion of heal wounds for 95 gold pieces
 28819 | Elf:3    | Bought a scroll of identify for 38 gold pieces
 28831 | Elf:3    | Bought a potion of heal wounds for 70 gold pieces
 29106 | Elf:3    | Noticed a Tzitzimitl
 29108 | Elf:3    | Noticed a Brimstone Fiend
 29117 | Abyss:3  | Found a corrupted altar of Lugonu.
 29117 | Abyss:3  | Cast into level 3 of the Abyss (a deep elf sorcerer)
 29166 | Abyss:3  | Noticed a bone dragon
 29182 | Abyss:3  | Killed a bone dragon
 29281 | Abyss:3  | Gained mutation: You are frail. (-10% HP) [a cacodemon]
 29321 | Elf:3    | Escaped the Abyss
 29337 | Elf:3    | Identified the amulet "Miolaz" {Spirit rF+++ Str+2 Int+4
                  | SInv}
 29541 | Elf:3    | Reached skill level 20 in Unarmed Combat
 29658 | Elf:3    | Identified the ring of the Devil's Advocate {Fire rCorr
                  | Dex+3}
 29665 | Elf:3    | Identified the +4 hand axe of Nightmares {freeze, +Blink
                  | rC+ Will+}
 29720 | Elf:3    | Identified the +4 battleaxe of Ravage {spect, Dex+3}
 30040 | Elf:3    | Identified the +3 rapier "Ilueskonn" {freeze, Str-4 Int+5}
 30075 | Elf:3    | Identified the ring "Opeown" {Ice Will++ Int-2 Dex+2}
 30162 | Elf:3    | Identified the staff of the Bedazzling Saviour {rPois rC+
                  | Int+3 Poison}
 30179 | Elf:3    | Identified the +8 hand axe of the Unseen Realm {elec,
                  | rElec}
 31075 | Vaults:1 | Entered Level 1 of the Vaults
 31268 | Vaults:1 | Noticed Asterion
 31274 | Vaults:1 | Reached XP level 20. HP: 180/180 MP: 19/19
 31278 | Vaults:1 | Killed Asterion
 31529 | Vaults:1 | Found a magical portal.
 31538 | WizLab   | Entered Tukima's Studio
 31584 | WizLab   | Noticed BinkBink's illusion
 31722 | WizLab   | Identified the +8 longbow of the Absolute Madman {speed,
                  | +Blink rN++ Str-3 SInv}
 31802 | WizLab   | Noticed BinkBink's illusion
 32097 | Vaults:1 | Noticed Norris
 32110 | Vaults:1 | Killed Norris
 32367 | Vaults:1 | Found Quesur's General Store.
 32383 | Vaults:1 | Bought a scroll of enchant armour for 112 gold pieces
 32383 | Vaults:1 | Bought a scroll of identify for 30 gold pieces
 32383 | Vaults:1 | Bought a scroll of acquirement for 780 gold pieces
 32861 | Vaults:2 | Noticed Margery
 32868 | Vaults:2 | Killed Margery
 32949 | Vaults:2 | Reached skill level 21 in Unarmed Combat
 33024 | Vaults:2 | Found a staircase to the Crypt.
 33767 | Vaults:3 | Reached XP level 21. HP: 189/189 MP: 20/20
 33884 | Vaults:3 | Reached skill level 15 in Shields
 33922 | Vaults:3 | Paralysed by a sphinx for 3 turns
 34506 | Vaults:3 | Found Jisynu's Weapon Shop.
 34506 | Vaults:3 | Found Zeiritao's Antique Armour Shop.
 34507 | Vaults:3 | Found Ubigem's Jewellery Shop.
 34549 | Vaults:3 | Bought an ancient scarf for 250 gold pieces
 34549 | Vaults:3 | Identified the scarf of Tenacity {harm, rC- Str+3 Dex+4}
                  | (You bought it in a shop on level 3 of the Vaults)
 35048 | Vaults:4 | Found a crumbling gateway.
 35756 | Vaults:5 | Entered Level 5 of the Vaults
 35886 | Crypt:1  | Entered Level 1 of the Crypt
 36722 | Crypt:2  | Reached skill level 22 in Unarmed Combat
 37337 | Crypt:2  | Found an ancient bone altar of Kikubaaqudgha.
 37398 | Crypt:3  | Entered Level 3 of the Crypt
 37555 | Crypt:3  | Reached XP level 22. HP: 199/199 MP: 18/21
 37575 | Crypt:3  | Found a basalt altar of Yredelemnul.
 37838 | Crypt:3  | Identified the ring of the Conjuring Gods {rElec rPois rN+
                  | rCorr}
 37867 | Crypt:3  | Paralysed by a vampire knight for 3 turns
 37920 | Crypt:3  | Noticed Frederick
 37929 | Crypt:3  | Killed Frederick
 38131 | Crypt:3  | Found a staircase to the Tomb.
 38131 | Crypt:3  | Noticed a dread lich
 38131 | Crypt:3  | Paralysed by a dread lich for 4 turns
 38142 | Crypt:3  | Killed a dread lich
 38172 | Crypt:3  | Identified the +0 cloak of Yredelemnul's Pride {Str+3}
 38652 | D:15     | You paid a toll of 11 potions of heal wounds to enter a
                  | treasure trove
 38653 | Trove    | Identified the of Jakenuzo (Sif Muna gifted it to you in a
                  | treasure trove)
 38653 | Trove    | Identified the "Icebrusu"
 38653 | Trove    | Entered a treasure trove
 38688 | Trove    | Identified the amulet "Refrar" {Faith Str+4}
 38805 | D:15     | Acquired the ring "Ebbun" {rPois rN+ MP+9 Int+4}
 39052 | Lair:1   | Killed Mymni's ghost
 39232 | Slime:1  | Entered Level 1 of the Pits of Slime
 39245 | Slime:1  | Gained mutation: You are very frail. (-20% HP) [a shining
                  | eye]
 39252 | Slime:1  | Gained mutation: Your flesh is cold resistant. (rC+) [a
                  | shining eye]
 40757 | Lair:4   | Killed martbhell's ghost
 40758 | Lair:4   | Killed Opekasam's ghost
 40763 | Lair:4   | Killed Xankemn's ghost
 40981 | D:3      | Killed Pixllover's ghost
 41072 | D:7      | Killed pzskc383's ghost
 41077 | D:7      | Killed ongoing's ghost
 41675 | Slime:5  | Identified the "Nexkurgh"
 41675 | Slime:5  | Identified the "Boros"
 41675 | Slime:5  | Entered Level 5 of the Pits of Slime
 41715 | Slime:5  | Gained mutation: Your magical capacity is low. (-10% MP) [a
                  | shining eye]
 41716 | Slime:5  | Lost mutation: Your magical capacity is low. (-10% MP) [a
                  | shining eye]
 41719 | Slime:5  | Noticed the Royal Jelly
 41866 | Slime:5  | Noticed Dissolution
 41885 | Slime:5  | Killed Dissolution
 41886 | Slime:5  | Reached skill level 23 in Unarmed Combat
 41903 | Slime:5  | Reached XP level 23. HP: 185/185 MP: 22/22
 41910 | Slime:5  | Lost mutation: You have a pair of small antennae on your
                  | head. [a shining eye]
 41983 | Slime:5  | Gained mutation: You are clumsy. (Dex -2) [a shining eye]
 41988 | Slime:5  | Gained mutation: You are very clumsy. (Dex -4) [a shining
                  | eye]
 42065 | Slime:5  | Found a viscous altar of Jiyva.
 42070 | Slime:5  | Found the +3 hat of Pondering {ponderous, Will+ MP+10
                  | Int+5}
 42307 | Slime:5  | Killed the Royal Jelly
 42471 | Slime:5  | Identified the +0 morningstar of the Gnat {drain, Fragile
                  | rF+ rC+++ Int+6}
 42473 | Slime:5  | Identified the ring "Qexkukhu" {rC++ Dex+6}
 42605 | Slime:5  | Got a slimy rune of Zot
 43554 | Tomb:1   | Entered Level 1 of the Tomb of the Ancients
 43555 | Tomb:1   | Noticed a royal mummy
 43555 | Tomb:1   | Noticed a royal mummy
 43772 | Tomb:1   | Noticed a royal mummy
 43794 | Tomb:1   | Killed a royal mummy
 44063 | Tomb:1   | Noticed a royal mummy
 44081 | Tomb:1   | Killed a royal mummy
 45225 | Vaults:5 | Noticed a dread lich
 45278 | Vaults:4 | Paralysed by a dread lich for 5 turns
 45286 | Vaults:4 | Paralysed by a dread lich for 2 turns
 45291 | Vaults:4 | Killed a dread lich
 45375 | Vaults:4 | Reached skill level 15 in Dodging
 45483 | Vaults:5 | Noticed Xtahua
 45486 | Vaults:5 | Reached skill level 15 in Fighting
 45491 | Vaults:5 | Killed Xtahua
 45502 | Abyss:3  | Found a corrupted altar of Lugonu.
 45502 | Abyss:3  | Cast into level 3 of the Abyss (a deep elf sorcerer)
 45638 | Abyss:3  | Paralysed by accursed screaming for 2 turns
 45643 | Abyss:3  | Paralysed by accursed screaming for 1 turns
 45685 | Abyss:3  | Reached XP level 24. HP: 117/195 MP: 11/22
 45708 | Vaults:5 | Escaped the Abyss
 45844 | Vaults:5 | Reached skill level 24 in Unarmed Combat
 46511 | Vaults:5 | Got a silver rune of Zot
 46544 | Vaults:5 | Identified the +3 falchion of Checks and Balances {heavy,
                  | *Slow rElec rCorr Str+2}
 46662 | Abyss:3  | Cast into level 3 of the Abyss (a deep elf demonologist)
 46724 | Vaults:5 | Escaped the Abyss
 46851 | Vaults:5 | Found Vegu's Antique Weapon Shoppe.
 47362 | Depths:1 | Entered Level 1 of the Depths
 47423 | Depths:1 | Noticed Mara
 47434 | Depths:1 | Killed Mara
 47436 | Depths:1 | Found a gateway to Hell.
 48348 | Depths:2 | Found a one-way gate leading to the halls of Pandemonium.
 48404 | Depths:2 | Noticed Sojobo
 48407 | Depths:2 | Paralysed by an air elemental for 1 turns
 48409 | Depths:2 | Paralysed by an air elemental for 1 turns
 48415 | Depths:2 | Killed Sojobo
 48709 | Depths:2 | Reached XP level 25. HP: 203/203 MP: 22/22
 48956 | Depths:2 | Paralysed by a sphinx for 3 turns
 49130 | Depths:2 | Noticed the Enchantress
 49151 | Depths:2 | Killed the Enchantress
 49242 | Depths:2 | Reached skill level 25 in Unarmed Combat
 49245 | Depths:2 | Noticed Mennas
 49254 | Depths:2 | Killed Mennas
 49260 | Depths:2 | Found a glowing silver altar of Zin.
 49261 | Depths:2 | You are sucked into a shaft and drop 1 floor!
 49591 | Depths:2 | Acquired the amulet of Ziuhaopn {Harm Will- Regen+ Str+3
                  | Stlth+}
 49970 | Depths:3 | Reached XP level 26. HP: 212/212 MP: 22/22
 50101 | Depths:3 | Identified the +0 ring mail of the Furies {rC+ Str+5}
 50285 | Depths:3 | Found a one-way gateway to a ziggurat.
 50458 | Depths:4 | Entered Level 4 of the Depths
 50537 | Depths:4 | Found a corrupted altar of Lugonu.
 51084 | Depths:4 | Found a gate to the Realm of Zot.
 51726 | Tomb:2   | Noticed a royal mummy
 51726 | Tomb:2   | Noticed a royal mummy
 51726 | Tomb:2   | Noticed a royal mummy
 51726 | Tomb:2   | Noticed a royal mummy
 51729 | Tomb:2   | Noticed a royal mummy
 51936 | Tomb:2   | Killed a royal mummy
 51972 | Tomb:2   | Killed a royal mummy
 51985 | Tomb:2   | Killed a royal mummy
 52011 | Tomb:1   | Noticed a royal mummy
 52011 | Tomb:1   | Noticed a royal mummy
 52012 | Tomb:1   | Noticed a royal mummy
 52014 | Tomb:1   | Noticed a royal mummy
 52017 | Tomb:1   | Noticed a royal mummy
 52034 | Tomb:1   | Killed a royal mummy
 52035 | Tomb:1   | Reached XP level 27. HP: 32/220 MP: 6/22
 52045 | Tomb:1   | Killed a royal mummy
 52050 | Tomb:1   | HP: 14/286 [royal mummy/divine providence (12)]
 52051 | Tomb:1   | HP: 6/286 [royal mummy/divine providence (10)]
 52058 | Tomb:1   | HP: 12/286 [royal mummy/divine providence (7)]
 52058 | Tomb:1   | HP: 1/286 [death scarab (11)]
 52058 | Tomb:1   | Slain by an emperor scorpion

Illustrated notes

Levels and vault maps discovered:
D:1:      erik_arrival_triangle_small, layout_rooms
D:2:      minmay_chambers_of_ones, layout_rooms, serial_shops,
          nicolae_shop_stone, basic_altar
D:3:      layout_basic, ebering_ghost_reflecting_pool, serial_glass,
          glass_columns_a, glass_columns_a, glass_columns_b, glass_columns_c,
          feat_on_display, minmay_rat_hole
D:4:      layout_basic, nicolae_qazlal_eye_of_the_storm, nicolae_letterblocks
          [nicolae_letter_subblock, nicolae_letter_subblock,
          nicolae_letter_subblock, nicolae_letter_subblock,
          nicolae_letter_subblock, nicolae_letter_subblock,
          nicolae_letter_subblock, nicolae_letter_subblock,
          nicolae_letter_subblock, nicolae_letter_subblock,
          nicolae_letter_subblock, nicolae_letter_subblock,
          nicolae_letter_subblock, nicolae_letter_subblock,
          nicolae_letter_subblock, nicolae_letter_subblock,
          nicolae_letter_subblock, nicolae_letter_subblock,
          nicolae_letter_subblock, nicolae_letter_subblock,
          nicolae_letter_subblock, nicolae_letter_subblock,
          nicolae_letter_subblock, nicolae_letter_subblock,
          nicolae_letter_subblock]
D:5:      layout_cave_pools, mainiacjoe_overflow_small_starburst,
          elyvilon_altar_4, kennysheep_mini, minmay_temple_entry_glassed_door
D:6:      dreamdust_elfheim, layout_rooms
D:7:      layout_cave_pools, mainiacjoe_overflow_surrounded_room,
          nicolae_overflow_hallway_of_the_gods, gammafunk_ghost_cemetery
D:8:      layout_loops_corners, david_lair_shrubbed, serial_shops,
          nicolae_shop_back_alley_shop, st_stairs_10
D:9:      layout_basic, david_orc_5, guppyfry_shop_venom
D:10:     layout_cave_pools, nicolae_figureground_pulse
D:11:     layout_roguey, serial_curves, eino_curves_01, eino_curves_02,
          uniq_nergalle
D:12:     minmay_connected_boxes_in_corner, layout_gridville,
          kennysheep_opposing_triangles
D:13:     layout_basic, ximxim_vaults_locker_room,
          ebering_ghost_reflecting_pool, uniq_sonja
D:14:     layout_small_grid, nicolae_eternal_life, solitary_fountain,
          nzn_hepliaklqana_mist_gate
D:15:     gammafunk_depths_entry_grave, layout_basic, ashenzari_altar_1,
          serial_shops, shop_statue, enter_trove_5, minmay_misc_feat_alley,
          minivault_27, slow_altar_1
Lair:1:   layout_regular_city, gammafunk_ghost_abyssal_escape,
          chequers_serial_rivers_small_3, infiniplex_staircase_pool_2,
          uniq_amaemon
Lair:2:   layout_hall_layers, alex1729_snake_entry_snake, basic_altar,
          infiniplex_staircase_pool
Lair:3:   layout_hall_layers, mainiacjoe_swamp_entry_angry_trees,
          nicolae_volcano_entry_batcave
Lair:4:   layout_cave_pods, dpeg_slime_entry_corner, gammafunk_ghost_cemetery
Lair:5:   gammafunk_lair_ancient_temple, layout_regular_city
Swamp:1:  layout_basic_swamp, evilmike_swamp_ruin_rubble_1
Swamp:2:  layout_basic_swamp, evilmike_swamp_ruin_house_1
Swamp:3:  layout_falls_marsh, evilmike_swamp_ruin_house_5
Swamp:4:  swamp_old_school, layout_basic_swamp, portal_ice_cave_entry_dragon,
          nicolae_swamp_godswood
Snake:1:  layout_cave_pods, uniq_josephine, uniq_nikola, uniq_kirke
Snake:2:  layout_gridlike, nicolae_snake_the_dead_are_slithering,
          grunt_megastairs_2
Snake:3:  layout_misc_corridors, minmay_shop_star, uniq_bai_suzhen
Snake:4:  grunt_snake_rune_serpentine_throne, layout_cave_town, basic_altar
Slime:1:  layout_caves
Slime:2:  layout_caves
Slime:3:  layout_caves
Slime:4:  layout_caves
Slime:5:  slime_pit_nicolae_trefoil, uniq_dissolution
Orc:1:    layout_caves, serial_shops, nicolae_shop_crystal, basic_altar,
          nooodl_orcs_dogs
Orc:2:    st_orc_open, layout_diamond_mine, serial_shops,
          nicolae_book_shop_shelving, nicolae_shop_tiny_real_fake_doors,
          nicolae_shop_advertising_works [nicolae_subvault_shop_adworks]
Elf:1:    layout_geoelf_octagon, serial_aquarium, aquarium_bridge_square
          [aquarium_subvault_bridge, aquarium_subvault_bridge,
          aquarium_subvault_bridge, aquarium_subvault_bridge],
          aquarium_bridge_square [aquarium_subvault_bridge,
          aquarium_subvault_wall, aquarium_subvault_bridge,
          aquarium_subvault_wall], aquarium_window_3, aquarium_window_corner,
          aquarium_view_4, aquarium_view_2e, aquarium_balcony_3a,
          aquarium_pool_four, hangedman_elf_disciples, minivault_27
Elf:2:    nicolae_elf_blades_splatter_lattice
          [nicolae_blade_entry_splitting_headache], layout_loops_cross
Elf:3:    minmay_elf_hall_furrowed, layout_loops_ring, minmay_shoptagon
Vaults:1: mu_enter_wizlab_6, nicolae_vaults_sesquioval_fish, v_rooms_6,
          vaults_room_ringed_pool, nicolae_vaults_more_shelving_2,
          vaults_mumra_lcd, vaults_room_fours, vaults_room_hallway, v_misc_19,
          nicolae_vaults_trapezoid_lopsided_3, layout_vaults_omnicross,
          serial_shops, shop, uniq_norris, uniq_asterion
Vaults:2: ontoclasm_vaults_spin, minmay_crypt_entry_simple_walls, v_rooms_5,
          v_pattern_1, nicolae_vaults_apartment_2, hangedman_vaults_stitches,
          nicolae_vaults_security_offices_1,
          hangedman_vaults_stretched_pinwheel, vaults_dpeg_encased_lava,
          nicolae_vaults_six-pack, nicolae_vaults_tetromino_L_2,
          nicolae_vaults_network_s, layout_vaults_big_room, uniq_margery
Vaults:3: v_misc_28, v_pattern_3, vaults_room_large_hall, v_alt_pattern_2,
          nicolae_vaults_wrenched, v_misc_16, v_misc_9,
          nicolae_vaults_storage_closets_3, grunt_vaults_hallway_short,
          ontoclasm_vaults_misaligned, hangedman_vaults_hard_town_square,
          layout_vaults_omnibox
Vaults:4: portal_desolation_entry_ruin, nicolae_vaults_six-pack,
          nicolae_vaults_stepped_doors, nicolae_vaults_tetromino_L_2,
          nicolae_vaults_surprise_closet, layout_vaults_omnigrid
Vaults:5: serial_shops, uniq_xtahua
Crypt:1:  layout_chaotic_city
Crypt:2:  cheibrodos_crypt_eye_of_stone, layout_gridlike,
          serial_sigils_hangedman_quiver, chequers_big_river
Crypt:3:  grunt_crypt_end_deaths_head, uniq_frederick
Tomb:1
Tomb:2
Depths:1: evilmike_horseshoe, layout_gridlike, hell_entry,
          minmay_splitting_lines, minmay_misc_feat_cross, grunt_decor_clamped,
          kennysheep_generic_room_3, uniq_mara
Depths:2: evilmike_silver_temple, layout_gridlike, pan_entry, hell_entry,
          abyss_entry, minmay_misc_feat_five, uniq_enchantress, uniq_sojobo
Depths:3: hangedman_crystal_crosses_colossus [crystal_crosses_arms_four,
          crystal_crosses_arms_two, crystal_crosses_arms_one,
          crystal_crosses_arms_one], hell_entry, abyss_entry
Depths:4: grunt_twist_and_shout, layout_gridlike, abyss_entry, serial_bayou,
          serial_bayou_ford_a, serial_bayou_pond_e, serial_bayou_shore_a,
          serial_bayou_pond_b, roderic_roman_lattice, pan_entry,
          grunt_mini_vestibule, tgw_lugonu_bribe

Skill      XL: |  1  2  3  4  5  6  7  8  9 10 11 12 13 14 15 16 17 18 19 20 21 22 23 24 25 26 |
---------------+-------------------------------------------------------------------------------+-----
Fighting       | 1 2 3 4 5 6 7 8 9 10 11 12 13 14 15 16 | 16.5
Dodging        | 2 3 4 5 6 7 8 9 10 11 12 13 14 15 16 | 16.5
Unarmed Combat | 4 5 6 7 9 10 11 12 13 15 16 17 18 19 20 21 22 23 24 25 | 25.9
Shapeshifting  | 4 5 7 8 9 10 11 12 14 15 16 17 18 19 20 21 22 23 24 | 24.0
Armour         | 2 3 4 5 |  5.1
Shields        | 2 3 5 6 8 10 12 13 14 15 16 17 18 | 18.1

Action                     |  1- 3 |  4- 6 |  7- 9 | 10-12 | 13-15 | 16-18 | 19-21 | 22-24 | 25-27 || total
---------------------------+-------+-------+-------+-------+-------+-------+-------+-------+-------++-------
  Melee: Unarmed           |    52 |   142 |   263 |   466 |   743 |   931 |  1142 |  1429 |   532 ||  5700
         Punch             |     2 |     7 |     8 |     2 |    20 |       |       |       |       ||    39
    Use: Potion            |       |     4 |     3 |     1 |     5 |       |       |     1 |    13 ||    27
         Scroll            |       |       |     7 |     4 |     8 |     9 |    15 |     8 |    12 ||    63
   Stab: Sleeping          |     1 |     4 |       |       |       |       |       |       |       ||     5
         Invisible         |       |       |     1 |       |     3 |       |       |       |     2 ||     6
         Distracted        |       |       |       |       |       |       |     1 |     1 |       ||     2
 Armour: Animal skin       |    31 |    75 |   175 |    16 |       |       |       |       |       ||   297
         Acid dragon scale |       |       |       |   191 |   111 |       |       |       |       ||   302
         Fire dragon scale |       |       |       |    46 |       |       |       |       |       ||    46
         Skin              |       |       |       |       |   397 |   490 |   418 |  1081 |   360 ||  2746
         Troll leather arm |       |       |       |       |    12 |       |       |       |       ||    12
  Dodge: Dodged            |    22 |    51 |   125 |   222 |   471 |   420 |   457 |   860 |   344 ||  2972
         Repelled          |       |       |       |     4 |    17 |    28 |    25 |    35 |     6 ||   115
  Block: Other             |       |       |    10 |     5 |    67 |       |       |     4 |       ||    86
         Kite shield       |       |       |       |   299 |   153 |       |       |       |       ||   452
         Tower shield      |       |       |       |       |   676 |  1828 |  1836 |  2665 |   940 ||  7945
         Reflection        |       |       |       |       |     5 |   234 |    72 |       |       ||   311
   Form: Beast             |     1 |       |       |       |       |       |       |       |       ||     1
         Blade             |       |       |       |       |     1 |       |       |       |       ||     1
         Statue            |       |       |       |       |     1 |       |       |       |       ||     1

Table legend: (Time is in decaauts)
 A = Elapsed time spent in this place.
 B = Non-inter-level travel time spent in this place.
 C = Inter-level travel time spent in this place.
 D = Time resting spent in this place.
 E = Time spent auto-exploring this place.
 F = Levels seen in this place.
 G = Mean time per level.
                   A        B        C        D        E       F      G
               +--------+--------+--------+--------+--------+-----+--------+
         Total |  70269 |  59370 |  10899 |   4468 |  40519 |  59 | 1191.0 |
       Dungeon |  16085 |  12165 |   3920 |    420 |   9359 |  15 | 1072.3 |
          Lair |   6828 |   5224 |   1604 |    614 |   3468 |   5 | 1365.6 |
         Swamp |   4168 |   3646 |    522 |    234 |   2625 |   4 | 1042.0 |
     Snake Pit |   5889 |   5631 |    258 |    548 |   3830 |   4 | 1472.2 |
    Slime Pits |   4377 |   3886 |    491 |    142 |   2922 |   5 |  875.4 |
  Orcish Mines |   3112 |   2246 |    866 |    450 |   1253 |   2 | 1556.0 |
   Elven Halls |   5183 |   4772 |    411 |    603 |   3087 |   3 | 1727.7 |
        Vaults |   9687 |   8505 |   1182 |    281 |   6307 |   5 | 1937.4 |
         Crypt |   4249 |   3410 |    839 |    111 |   2297 |   3 | 1416.3 |
          Tomb |   2143 |   1785 |    358 |    516 |    490 |   2 | 1071.5 |
        Depths |   5654 |   5212 |    442 |      8 |   3987 |   4 | 1413.5 |
         Abyss |    603 |    603 |      0 |     19 |    154 |   3 |  201.0 |
         Trove |    221 |    221 |      0 |      0 |    126 |   1 |  221.0 |
      Ice Cave |   1142 |   1142 |      0 |    414 |    406 |   1 | 1142.0 |
       Volcano |    449 |    449 |      0 |     76 |    199 |   1 |  449.0 |
        Wizlab |    470 |    470 |      0 |     27 |      4 |   1 |  470.0 |
               +--------+--------+--------+--------+--------+-----+--------+

Top non-repeatable levels by time:
 Snake:4: 2228 daAuts
   Elf:3: 2175 daAuts
Vaults:2: 2135 daAuts
Vaults:5: 2060 daAuts
Vaults:4: 2055 daAuts
   Elf:2: 1765 daAuts
Vaults:1: 1756 daAuts
     D:8: 1747 daAuts
Depths:2: 1742 daAuts
 Crypt:3: 1737 daAuts
  Tomb:1: 1725 daAuts
   Orc:2: 1723 daAuts
    D:13: 1701 daAuts
Vaults:3: 1679 daAuts
    D:12: 1623 daAuts
